[Event "Baku Open 2024"]
[Site "Baku"]
[Date "2024.07.06"]
[Round "8.32"]
[White "Aghaverdiyeva, Maryam"]
[Black "Mohamed Anees M"]
[Result "0-1"]
[ECO "C41"]
[WhiteElo "1834"]
[BlackElo "2306"]
[Annotator "TA"]
[PlyCount "127"]
[EventDate "2024.06.29"]
[EventType "swiss"]
[EventCountry "AZE"]
[SourceTitle "playchess.com"]
[Source "ChessBase"]
[SourceQuality "1"]
[TimeControl "5400+30"]

1. e4 d6 2. d4 Nf6 3. Nc3 Nbd7 4. Nf3 e5 5. Bc4 Be7 6. O-O Nb6 7. Bb3 exd4 8. Qxd4 O-O {[%emt 0:01:42] White has an edge.} 9. a4 a5 10. Be3 Nfd7 11. Rad1 Nc5 12. Ba2 (12. Qd2 {simplifies} Nxb3 13. cxb3 c6 14. h3) 12... Bg4 13. e5 $1 Bxf3 14. gxf3 Ncd7 15. exd6 Bxd6 16. Nb5 Be5 17. Qg4 Qc8 (17... c6 $142) 18. f4 Bf6 19. Rd2 Be7 20. Rfd1 (20. Re1 $5) 20... Nc5 (20... Nf6 $14 21. Qxc8 Raxc8) 21. Qh5 $2 (21. f5 $18 {And now Bd4 would win.} Nbd7 22. Qf4) 21... Nbd7 (21... Ne4 $14) 22. Kh1 ({White should try} 22. f3 $18) 22... Nf6 $11 23. Qe5 Bd6 (23... Nce4 $1 $11 24. Qxe7 Nxd2 25. Bxd2 (25. Rxd2 $2 Qh3 $19) 25... Qg4) 24. Nxd6 $16 (24. Bxc5 $2 Bxe5 25. fxe5 Ne4 26. Bxf8 Qh3 $19 (26... Qxf8 27. Re2 $17) (26... Kxf8 27. Rd7 $17) (26... Nxd2 $2 27. Rxd2 Qh3 28. Kg1 $19)) 24... cxd6 25. Rxd6 Nce4 26. Rg1 Qh3 (26... Qxc2 $2 27. Bb1 (27. Rxf6 Nxf6 28. Bd4 Ra6 $11) 27... Qxa4 28. Rd4 $18 (28. Rxf6 Nxf6 29. Qxf6 g6 $18)) (26... Ra6 $11 27. Rxa6 bxa6) 27. Rxf6 $2 (27. Rd3 $1 $16 {Black must now prevent Bd4.} Qf3+ (27... Ng4 $2 28. Qxg7+ Kxg7 29. Bd4+ Kg6 30. Rxh3 $18) 28. Rg2) 27... Qf3+ $11 (27... Nxf6 28. Rxg7+ (28. Qxf6 $2 Qf3+ 29. Rg2 Qd1+ 30. Rg1 Qxg1+ 31. Kxg1 gxf6 $19) 28... Kh8 29. Qxf6 $18) 28. Rg2 Nxf6 29. Qg5 $1 Ne8 30. Bc5 (30. Bd5 $5 Qe2 (30... Qd1+ 31. Rg1 $11) 31. Qe5 $14) 30... Qd1+ 31. Rg1 Qxc2 32. Bb1 {[%emt 0:07:33] This pair of bishops is nice.} Qe2 (32... Qxb2 $5 33. Be4 g6 $15) 33. Bxh7+ Kxh7 34. Bxf8 Ra6 35. Qd5 (35. Bxg7 $2 {loses.} Qf3+ (35... Qxf2 36. Qh5+) (35... Rg6 $2 36. Qd5 $19) 36. Qg2 (36. Rg2 $2 Rg6 $19) 36... Qxg2+ (36... Qxf4 $2 37. Qh3+ Rh6 38. Bxh6 $18) 37. Rxg2 Nxg7 $19) (35. f5 $11) 35... Qxf2 $17 36. Qxf7 (36. Qd3+ $17 Rg6 37. Rxg6 fxg6 38. Ba3) 36... Qf3+ $19 37. Rg2 {[%emt 0:00:04][%cal Of8c5] [#]} Rc6 $2 38. Qf5+ Kg8 {[%emt 0:00:01] Really sharp!} 39. Bc5 $1 Nf6 $40 {[%emt 0:01:38][%mdl 128] Black has some attack.} 40. Bg1 Nh5 41. Qg4 Qxg4 42. Rxg4 $11 {[%emt 0:00:02][%mdl 4096] Endgame. KRB-KRN} Rc4 43. Rg5 Nxf4 44. Be3 {[%emt 0:00:58] Rg4 would now be deadly.} Rxa4 45. Bxf4 Rxf4 {[%emt 0:00:05] KR-KR} 46. Rb5 {[%emt 0:00:07] [#]} (46. Rxa5 $17 {keeps fighting.} Rb4 47. Kg2) 46... Rb4 $1 $19 47. Rxa5 Rxb2 48. Kg1 Kf7 {[%emt 0:00:14] Black is more active.} (48... b5 $142 {Threatens to win with ...Kh7.} 49. h4 Kh7) 49. Ra7 (49. Kf1 $142) 49... Ke6 {[%emt 0:00:29] Hoping for ...g5.} 50. Kf1 Kd6 {[%emt 0:00:10][%cal Od6c6] ...Kc6! is the strong threat.} ({Much weaker is} 50... Rxh2 $6 51. Rxb7 g5 52. Rg7 $11) 51. Kg1 $2 (51. Ke1 $17) 51... Kc6 52. Ra8 (52. h4 $142 Rb4 53. Ra2) 52... Re2 53. Rc8+ Kb6 54. Rf8 Re7 55. Kf2 $2 (55. Rf1) 55... Kc5 56. Rf5+ (56. Rc8+ $142 Kb6 57. Rc3) 56... Kb4 57. Rf4+ Ka5 {[%emt 0:00:04] aiming for ...b6.} 58. h4 b5 59. Kg3 b4 {[%emt 0:00:07] Black mates.} 60. Kg4 b3 61. Rf8 Rb7 62. Ra8+ Kb4 63. Kg5 b2 64. Kf5 {[%emt 0:02:12] Weighted Error Value: White=0.78/Black=0.32.  Loses game:     	White=3     	Black=1      Missed win:     	White=1     	Black=1      Mistake:       	White=8     	Black=5      Inaccurate:     	White=5     	Black=1      OK:         	White=10    	Black=16     Best:        	White=2     	Black=5      Strong:       	White=3     	Black=1} 0-1

[Event "Baku Open 2024"]
[Site "Baku"]
[Date "2024.07.06"]
[Round "8.33"]
[White "Bayramov, Zaur"]
[Black "Davidov, Samir"]
[Result "0-1"]
[ECO "C62"]
[WhiteElo "2249"]
[BlackElo "2244"]
[Annotator "TA"]
[PlyCount "86"]
[EventDate "2024.06.29"]
[EventType "swiss"]
[EventCountry "AZE"]
[SourceTitle "playchess.com"]
[Source "ChessBase"]
[SourceQuality "1"]
[TimeControl "5400+30"]

1. e4 e5 2. Nf3 Nc6 3. Bb5 d6 4. d4 Bd7 5. Nc3 Nge7 6. O-O Nxd4 7. Nxd4 exd4 8. Bxd7+ Qxd7 9. Qxd4 Nc6 10. Qd3 Be7 11. Nd5 h5 (11... O-O $14) 12. f4 h4 13. Rb1 h3 14. g3 Bd8 15. Bd2 Ne7 $1 16. Bc3 Nxd5 17. exd5 O-O 18. Rbe1 c6 19. f5 Bb6+ 20. Kh1 ({White should try} 20. Bd4 $1 $15) 20... Rfe8 21. Qf3 {[%emt 0:24:15] [#] White does not recover from this.} (21. g4 $17) 21... cxd5 $1 $19 {[%emt 0:01:21] ...d4 would now be deadly.} 22. Bxg7 (22. Rd1 {keeps fighting.}) 22... Rxe1 (22... Kxg7 23. Qg4+ Kf8 24. Qh4 $18 (24. Qxh3 Bd4 $11) (24. Qxh3 Bd4 $11)) 23. Rxe1 {[%emt 0:00:04] [#] White threatens Bf6 and mate.} Re8 $1 (23... Kxg7 $2 {too greedy.} 24. Qg4+ Kf8 25. Qh4 $18) 24. Bc3 {[%emt 0:02:32] Intending Qg4+ and mate.} Rxe1+ 25. Bxe1 {[%emt 0:00:03][%mdl 4096] Endgame. KQB-KQB} Qa4 {[%emt 0:01:04][%csl LRa2,LRc2] Inhibits Qg4+.} 26. Bf2 Bxf2 (26... Qxa2 $2 27. Bxb6 axb6 28. Kg1 $19) 27. Qxf2 Qxa2 {[%emt 0:00:06] KQ-KQ} 28. Qf1 {[%emt 0:00:51] Dodges Qa1} (28. Kg1 $142) 28... Qxb2 29. Qxh3 Qb1+ 30. Kg2 Qxc2+ 31. Kg1 Qd1+ 32. Kf2 Qd4+ 33. Ke2 Qe4+ 34. Kd1 $2 (34. Kd2) 34... d4 35. Qh5 Qd3+ 36. Kc1 Qe3+ 37. Kb2 d3 38. Qg4+ (38. Kc3 $142) 38... Kf8 39. Qh4 Ke8 {[%emt 0:01:27] ( -> ...Qd2+)} 40. Qh8+ Kd7 {[%emt 0:00:06] Black mates.} 41. Qb8 Qd4+ 42. Ka3 Qc5+ 43. Kb2 Qb4+ {[%emt 0:00:06] Weighted Error Value: White=0.84/Black=0.23 (precise) .  Mistake:       	White=6     	Black=1      Inaccurate:     	White=5     	---        OK:         	White=5     	Black=11     Best:        	White=2     	Black=7      Strong:       	---       	Black=2} (43... Qxf5 44. Qxb7+ Ke6 45. Kc3 $17) 0-1

[Event "Baku Open 2024"]
[Site "Baku"]
[Date "2024.07.06"]
[Round "8.34"]
[White "Tregubenko, Nikolay"]
[Black "Sherali Pattnaik"]
[Result "1-0"]
[ECO "B15"]
[WhiteElo "2246"]
[BlackElo "1955"]
[Annotator "RC"]
[PlyCount "145"]
[EventDate "2024.06.29"]
[EventType "swiss"]
[EventCountry "AZE"]
[SourceTitle "playchess.com"]
[Source "ChessBase"]
[SourceQuality "1"]
[TimeControl "5400+30"]

1. e4 c6 2. d4 d5 3. Nc3 dxe4 4. Nxe4 Nf6 5. Nxf6+ exf6 6. c3 Bd6 7. Bd3 O-O 8. Qc2 Re8+ 9. Ne2 h5 10. Be3 Nd7 11. O-O-O Nf8 12. Kb1 Be6 13. Nf4 Bxf4 14. Bxf4 a5 15. Rhe1 b5 16. c4 Qd7 17. d5 bxc4 18. dxe6 cxd3 19. Rxd3 Qb7 20. Rb3 Qe7 21. Qxc6 Rac8 22. Qb7 Qxb7 23. Rxb7 Nxe6 24. Bd2 a4 25. Rb4 a3 26. bxa3 Ra8 27. Kb2 Ra6 28. Rc1 Rd8 29. Be3 f5 30. a4 f4 31. Bb6 Rda8 32. a5 Nd8 33. Rc5 g6 34. Rd5 Nc6 35. Rxf4 Nxa5 36. Bxa5 Rxa5 37. Rxa5 Rxa5 38. a4 Kf8 39. Kb3 Ke7 40. Rd4 Rf5 41. f4 g5 42. fxg5 Rxg5 43. g3 Rf5 44. Rd2 h4 45. gxh4 Rf4 46. a5 Rxh4 47. a6 f5 48. a7 Rh8 49. Ra2 Ra8 50. Kc4 Kd6 51. Kd4 Kc6 52. Ke5 Kb7 53. Kxf5 Rf8+ 54. Kg6 Ka8 55. h4 Rf1 56. h5 Rg1+ 57. Kh7 Rh1 58. h6 Rg1 59. Ra6 Rb1 60. Kg7 Rg1+ 61. Rg6 Rh1 62. h7 Kxa7 63. h8=Q Rxh8 64. Kxh8 Kb7 65. Kg7 Kc7 66. Kf7 Kd7 67. Re6 Kd8 68. Re7 Kc8 69. Ke6 Kd8 70. Kd6 Kc8 71. Kc6 Kd8 72. Re6 Kc8 73. Re8# 1-0

[Event "Baku Open 2024"]
[Site "Baku"]
[Date "2024.07.06"]
[Round "8.35"]
[White "Hamidov, Allahverdi"]
[Black "Guliev, Sarhan"]
[Result "1-0"]
[ECO "E54"]
[WhiteElo "2307"]
[BlackElo "2224"]
[Annotator "RC"]
[PlyCount "125"]
[EventDate "2024.06.29"]
[EventType "swiss"]
[EventCountry "AZE"]
[SourceTitle "playchess.com"]
[Source "ChessBase"]
[SourceQuality "1"]
[TimeControl "5400+30"]

1. d4 Nf6 2. c4 e6 3. Nc3 Bb4 4. e3 O-O 5. Bd3 d5 6. Nf3 c5 7. O-O dxc4 8. Bxc4 cxd4 9. exd4 b6 10. Qe2 Bb7 11. Rd1 Nc6 12. d5 exd5 13. Nxd5 Nxd5 14. Bxd5 Qe7 15. Qb5 Qc5 16. Qd3 Rad8 17. Be3 Qd6 18. Qc2 Qxd5 19. Rxd5 Rxd5 20. Rd1 Rxd1+ 21. Qxd1 h6 22. h3 Rd8 23. Qc2 Be7 24. a3 Bf6 25. b4 Rc8 26. Qf5 Rd8 27. Qc2 Rc8 28. Qb3 Rd8 29. a4 Ne7 30. a5 Nd5 31. axb6 axb6 32. Qa4 Nc3 33. Qa7 Bxf3 34. gxf3 b5 35. Qb7 Rd5 36. Kg2 Rd8 37. Bc1 Ne2 38. Be3 Nc3 39. f4 g6 40. Qc6 Kg7 41. Bc5 Rd3 42. Qe8 Rd8 43. Qc6 Nd5 44. Bd6 Ne7 45. Bxe7 Bxe7 46. Qxb5 Rd4 47. Qe8 Bf6 48. b5 Rxf4 49. b6 Rf5 50. f4 Bd4 51. b7 Ba7 52. Qa8 Ra5 53. b8=Q Bxb8 54. Qxa5 Bxf4 55. Kf3 Bg5 56. Ke4 Bf6 57. Kd5 Be7 58. Qc7 Bg5 59. Qe5+ Bf6 60. Qe4 Kf8 61. Kc6 Bc3 62. Qe3 Bg7 63. Kd7 1-0

[Event "Baku Open 2024"]
[Site "Baku"]
[Date "2024.07.06"]
[Round "8.36"]
[White "Bayramov, Elvin"]
[Black "Galaktionov, Artem"]
[Result "0-1"]
[ECO "B15"]
[WhiteElo "2155"]
[BlackElo "2358"]
[Annotator "TA"]
[PlyCount "70"]
[EventDate "2024.06.29"]
[EventType "swiss"]
[EventCountry "AZE"]
[SourceTitle "playchess.com"]
[Source "ChessBase"]
[SourceQuality "1"]
[TimeControl "5400+30"]

1. e4 c6 2. d4 d5 3. Nc3 dxe4 4. Nxe4 Nf6 5. Ng3 h5 6. Nf3 h4 7. Ne2 Bg4 8. Ne5 {[%emt 0:00:59] The position is equal.} Bf5 9. Nf4 Nbd7 {[%emt 0:05:39] [#] ...Nxe5 would now be deadly.} 10. Bd3 Bxd3 11. Nfxd3 h3 12. O-O (12. g3 $11 {should be considered.}) 12... hxg2 $15 13. Re1 e6 14. Bf4 Nxe5 15. Bxe5 (15. Nxe5 $15 Rh4 16. Qd2) 15... Bd6 $17 16. c4 Bxe5 17. Nxe5 Rh4 (17... Nd7 $17 {Threatens to win with ...Nxe5.} 18. Qg4 Nxe5 19. Rxe5 Qf6) 18. Qb3 $15 Qc7 19. d5 (19. Kxg2 $2 O-O-O (19... Rxd4 $2 20. Rad1 $17) 20. Qa3 Ng4 $17 (20... Rdxd4 21. Rad1 $17) (20... Rhxd4 21. Qxa7 Nh5 22. Qa8+ Qb8 23. Qxb8+ Kxb8 24. Nxf7 $17)) 19... Ne4 {[%emt 0:10:09] Prevents Qg3. Really sharp! Black continues to play with concentration.} ({Much worse is} 19... cxd5 20. cxd5 Nxd5 21. Qb5+ Kf8 22. Rac1 $15) 20. d6 ({Only move:} 20. Rxe4 $1 $15 Rxe4 21. d6 Qxd6 22. Qxb7 Qxe5 23. Qxa8+ Ke7 24. Rd1) 20... Nxd6 $19 {[%emt 0:02:40] [#] Strongly threatening ...Ne4.} 21. Nf3 (21. Rad1 $142 Ne4 22. Nf3) 21... Rh8 (21... Rxc4 $142 {Hoping for ...0-0-0.} 22. Rad1 Rf4) 22. c5 Nf5 23. Qd3 {[%emt 0:00:21] Wards off Nd4} (23. Rad1 $142 Rd8 24. Re4 (24. Rxd8+ $2 Kxd8 25. Kxg2 Kc8 $19)) 23... Nh4 24. Ne5 (24. Nxh4 Rxh4 25. Qg3 Qxg3 26. hxg3) 24... Rd8 25. Qg3 Nf5 26. Qc3 Ke7 27. Re4 Rd5 28. Rae1 Kd8 29. Kxg2 (29. h3 {might work better.}) 29... Kc8 30. b4 $2 (30. Nf3) 30... f6 31. Ng4 Nh4+ 32. Kf1 f5 33. Rxe6 fxg4 34. Re7 Qxh2 35. Qxg7 Qh3+ {[%emt 0:00:05] Weighted Error Value: White=0.78/Black=0.22 (precise) .  Mistake:       	White=8     	Black=2      Inaccurate:     	White=5     	Black=2      OK:         	White=10    	Black=16     Best:        	---       	Black=3} 0-1

[Event "Baku Open 2024"]
[Site "Baku"]
[Date "2024.07.06"]
[Round "8.37"]
[White "Voinikonis, Nikita"]
[Black "Raahul V S"]
[Result "1/2-1/2"]
[ECO "A90"]
[WhiteElo "2129"]
[BlackElo "2314"]
[Annotator "TA"]
[PlyCount "66"]
[EventDate "2024.06.29"]
[EventType "swiss"]
[EventCountry "AZE"]
[SourceTitle "playchess.com"]
[Source "ChessBase"]
[SourceQuality "1"]
[TimeControl "5400+30"]

1. d4 f5 2. g3 Nf6 3. Bg2 e6 4. Nh3 d5 5. O-O Bd6 6. c4 c6 7. Qc2 O-O 8. Bf4 Qe7 9. Nd2 Bd7 10. Bxd6 Qxd6 {[%emt 0:00:05] White is better.} 11. c5 Qe7 12. f4 Be8 13. b4 Bh5 14. e3 Nbd7 15. Nf2 Ne4 16. Ndxe4 fxe4 17. g4 Bf7 18. g5 Bh5 19. Nh1 h6 20. Ng3 Bg4 21. h3 Bf5 22. h4 hxg5 23. hxg5 (23. Nxf5 {simplifies} exf5 24. hxg5 b6 25. Rfb1) 23... Kf7 (23... Bg4 $11) 24. Kf2 Rh8 25. Rh1 Bg4 26. Rxh8 Rxh8 27. Rh1 Rxh1 {[%emt 0:01:43] The position is equal.} 28. Nxh1 Qd8 29. Qb1 b6 30. Ng3 Qb8 {[%emt 0:04:51] [#] ...bxc5 would now be deadly.} 31. Qb3 Ke7 32. Qa4 bxc5 33. bxc5 Qb2+ {[%emt 0:20:10] Weighted Error Value: White=0.10 (very precise) /Black=0.11 (very precise) .  Mistake:       	---       	Black=1      Inaccurate:     	White=5     	Black=3      OK:         	White=5     	Black=8      Best:        	White=2     	---} 1/2-1/2

[Event "Baku Open 2024"]
[Site "Baku"]
[Date "2024.07.06"]
[Round "8.38"]
[White "Dolgun, Can"]
[Black "Abdinova, Narmin"]
[Result "1-0"]
[ECO "E01"]
[WhiteElo "2264"]
[BlackElo "2121"]
[Annotator "TA"]
[PlyCount "123"]
[EventDate "2024.06.29"]
[EventType "swiss"]
[EventCountry "AZE"]
[SourceTitle "playchess.com"]
[Source "ChessBase"]
[SourceQuality "1"]
[TimeControl "5400+30"]

1. d4 Nf6 2. Nf3 e6 3. g3 c5 4. c4 cxd4 5. Nxd4 d5 6. Bg2 e5 7. Nf3 d4 8. O-O Nc6 9. e3 Be7 10. exd4 exd4 11. Bf4 O-O 12. Na3 Bxa3 13. bxa3 Bf5 {[%emt 0:02:14] Black has an edge.} 14. Qb3 Qb6 15. Ne5 Rac8 16. Rac1 Rfe8 17. Nxc6 bxc6 18. c5 Qxb3 19. axb3 Ne4 20. Bf3 Nc3 21. Rfe1 {[%emt 0:01:23] Inhibits Ne2+.} Be6 22. Be5 {[%emt 0:14:57] This pair of bishops is nice.} Bxb3 23. Bxd4 Nb5 24. Rxe8+ Rxe8 25. Be3 (25. Bxc6 $2 {is the wrong capture.} Nxd4 26. Bxe8 Ne2+ 27. Kg2 Nxc1 $19) 25... Bd5 (25... Re6 $14) 26. Bxd5 $16 cxd5 {[%emt 0:00:02][%mdl 4096] Endgame. KRB-KRN} 27. a4 Nc7 28. c6 {[%emt 0:00:03][%cal Oc1b1] [#] Hoping for Rb1!} a6 29. Bf4 Rc8 30. Rb1 {[%emt 0:01:02] Threatens to win with Bxc7.} Kf8 $1 31. Rb7 (31. Rb6 $16) 31... Ne8 (31... Ne6 $11 {keeps the balance.}) 32. Rb6 {[%emt 0:03:23] White is much more active. Black is on the road to losing.} a5 33. Bd2 Ke7 34. Bxa5 Ke6 35. Bc3 g6 (35... f6 $16 {keeps fighting.} 36. Bd2 (36. a5 Nc7 $16) 36... Nd6) 36. a5 $18 d4 (36... f6 $142 37. Kg2 d4 38. Bxd4 Kd5) 37. Bxd4 Kd5 38. Be3 Rxc6 39. Rxc6 Kxc6 {[%emt 0:00:02] KB-KN} 40. a6 Nc7 41. a7 Kb7 42. Kg2 Kc6 (42... Nd5 $142 43. Kf3 f5) 43. Kf3 Kd5 44. Bb6 Na8 45. Ba5 f6 46. Bd8 Ke5 47. Ke3 f5 48. h3 h6 49. h4 Kd5 50. Kd3 Kc5 51. Kc3 Kd5 52. Kb4 {[%emt 0:00:24] [#] Kb5 would kill now.} Kd4 53. Kb5 {[%emt 0:00:51] White mates.} Kd5 54. Ka6 Kc6 55. Ba5 g5 56. hxg5 hxg5 57. f3 f4 58. g4 Kd6 59. Kb7 Kd7 60. Kxa8 Kc8 61. Bd8 Kxd8 62. Kb7 {[%emt 0:00:02] Weighted Error Value: White=0.08 (flawless) /Black=0.40.  Mistake:       	White=1     	Black=5      Inaccurate:     	White=2     	Black=5      OK:         	White=13    	Black=9      Best:        	White=5     	---        Strong:       	---       	Black=1} 1-0

[Event "Baku Open 2024"]
[Site "Baku"]
[Date "2024.07.06"]
[Round "8.40"]
[White "Alizada, Pasham"]
[Black "Nurgali, Nazerke"]
[Result "1-0"]
[ECO "B45"]
[WhiteElo "2070"]
[BlackElo "2252"]
[Annotator "TA"]
[PlyCount "81"]
[EventDate "2024.06.29"]
[EventType "swiss"]
[EventCountry "AZE"]
[SourceTitle "playchess.com"]
[Source "ChessBase"]
[SourceQuality "1"]
[TimeControl "5400+30"]

1. e4 c5 2. Nf3 e6 3. d4 cxd4 4. Nxd4 Nf6 5. Nc3 Nc6 6. Nxc6 bxc6 7. e5 Nd5 8. Ne4 Qc7 9. f4 Qb6 10. c4 Ne3 11. Qd3 Nf5 12. b3 (12. Bd2 $14) 12... h5 $1 $11 13. g3 {[%emt 0:00:17] Aktives Gegenspiel!} Bb4+ 14. Bd2 {[%emt 0:00:26] Weiß hat minimalen Vorteil.} Rb8 (14... Bb7 $11 {hält das Gleichgewicht.}) 15. Bh3 $16 Nd4 (15... Ba3 $142) 16. Bxb4 Qxb4+ 17. Kf2 c5 {[%emt 0:03:05] [#]} 18. Rhd1 $1 ({Viel schwächer wäre} 18. Nd6+ $6 Ke7 $11) 18... h4 19. g4 O-O 20. Ng5 g6 {[%emt 0:00:48] [#]} 21. Ne4 $1 a5 22. Rab1 Qb6 23. Nxc5 Nf5 24. gxf5 Qxc5+ 25. Qe3 Qxe3+ 26. Kxe3 {[%emt 0:00:24] f6 ist eine echte Drohung.} exf5 (26... gxf5 $16 27. Rg1+ Kh7) 27. Rd6 $18 Kg7 28. Kd4 Rd8 29. a3 Bb7 30. Bf1 Kf8 31. c5 Ke7 32. Bc4 h3 $2 (32... Be4 33. Rg1 Rdc8) 33. Rd1 Rh8 (33... Bf3 {war nötig.} 34. Rd2 Be4) 34. Kc3 Bc6 35. Rf6 Rbf8 (35... Rh7 36. b4 Ke8 37. bxa5 Rh4) 36. b4 {[%emt 0:02:42][%cal Bb3b4,Bb4b5][%mdl 32] Weiß steht klar auf Gewinn.} ({Nicht} 36. Rdd6 Rh4 $16) 36... Ba4 37. Rd4 Rh7 38. Ra6 Rhh8 39. b5 Ra8 {[%emt 0:00:45] Lässt Ra7 nicht zu} 40. Rxa8 Rxa8 41. Bf1 {[%emt 0:01:01] Gewichteter Fehlerwert: Weiß=0.11 (sehr präzise) /Schwarz=0.39.  Fehler:       	---       	Schwarz=6     Ungenau:       	Weiß=1     	Schwarz=2     OK:         	Weiß=15    	Schwarz=7     Bester:       	Weiß=2     	Schwarz=2     Stark:        	Weiß=2     	Schwarz=1} 1-0

[Event "Baku Open 2024"]
[Site "Baku"]
[Date "2024.07.06"]
[Round "8.41"]
[White "Wagh Suyog"]
[Black "Ravshanov, Sheralijon"]
[Result "1/2-1/2"]
[ECO "D75"]
[WhiteElo "2230"]
[BlackElo "2072"]
[Annotator "TA"]
[PlyCount "42"]
[EventDate "2024.06.29"]
[EventType "swiss"]
[EventCountry "AZE"]
[SourceTitle "playchess.com"]
[Source "ChessBase"]
[SourceQuality "1"]
[TimeControl "5400+30"]

1. d4 Nf6 2. c4 g6 3. Nf3 Bg7 4. g3 d5 5. cxd5 Nxd5 6. Bg2 O-O 7. O-O c5 8. e4 Nf6 9. e5 Nd5 10. dxc5 Na6 11. a3 Nxc5 12. b4 Ne6 13. Bb2 Nb6 14. Qb3 Bd7 15. Nc3 {[%emt 0:00:18] Repels Ba4} Bc6 16. Qa2 (16. Rfd1 $11 Qc7 17. a4) 16... Qd3 $17 17. Rfe1 Bxf3 (17... Rad8 $15 18. Nh4 Bxg2 19. Kxg2 Qc4) 18. Re3 $11 {[%emt 0:00:11] The position is equal.} Qc4 19. Bxf3 Qxa2 20. Rxa2 Nc4 {[%emt 0:00:05][%csl LRe3,LRe5] Excellent horsemanship.} 21. Re1 Nxe5 {[%emt 0:19:15] Weighted Error Value: White=0.13 (very precise) /Black=0.11 (very precise) .  Mistake:       	White=1     	Black=1      OK:         	White=5     	Black=4      Best:        	White=1     	Black=1} 1/2-1/2

[Event "Baku Open 2024"]
[Site "Baku"]
[Date "2024.07.06"]
[Round "8.42"]
[White "Lyutsinger, Iren"]
[Black "Bizhigitov, Zhangir"]
[Result "0-1"]
[ECO "C70"]
[WhiteElo "2069"]
[BlackElo "2212"]
[Annotator "TA"]
[PlyCount "100"]
[EventDate "2024.06.29"]
[EventType "swiss"]
[EventCountry "AZE"]
[SourceTitle "playchess.com"]
[Source "ChessBase"]
[SourceQuality "1"]
[TimeControl "5400+30"]

1. e4 e5 2. Nf3 Nc6 3. Bb5 a6 4. Ba4 Nge7 5. Nc3 Ng6 6. h4 h5 7. d4 exd4 8. Nd5 {[%emt 0:04:45][%cal Oe1g1] White is slightly better.} Bc5 9. O-O (9. a3 $11) 9... b5 $15 10. Bb3 d6 11. a4 Rb8 12. axb5 axb5 13. Bg5 f6 14. Bf4 Bg4 15. Qd3 (15. Bg3 $15) 15... Nce5 $17 16. Bxe5 fxe5 17. Ng5 c6 ({Better is} 17... Nxh4 $17 18. f3 (18. f4 $2 exf4 19. g3 Qxg5 $19) 18... Bc8 (18... Qxg5 19. fxg4 Qd8 20. gxh5 $16)) 18. Nc7+ {[%emt 0:04:04] Black converts the advantage convincingly.} Qxc7 19. Bf7+ {[%emt 0:00:01] [#]} Qxf7 $1 20. Nxf7 Kxf7 21. g3 (21. Ra6 $142) 21... Rhf8 $19 22. f3 Be6 23. b3 Kg8 24. Ra6 Ne7 25. f4 $2 (25. Qd2 {was called for.} d3+ 26. Kg2 dxc2 27. Qxc2) 25... exf4 26. gxf4 d5 27. b4 dxe4 (27... Bxb4 28. Qxd4 dxe4 29. Qxb4 $11) 28. Qxe4 {[%emt 0:00:20] [#]} Bd5 (28... Bxb4 $2 29. Qxe6+ Kh8 30. Qe4 $18) 29. Qe5 Bxb4 30. f5 {[%emt 0:00:58] [#]} d3 $1 31. cxd3 Rbe8 32. f6 Ng6 (32... Bc5+ 33. d4 Ng6 (33... Nf5 34. f7+ Bxf7 35. Qxc5 $11) 34. f7+ (34. Qxh5 $2 Bxd4+ 35. Kh2 Bxf6 $19) 34... Bxf7 35. Qxc5 $11) 33. Qd4 (33. f7+ $142 Bxf7 (33... Rxf7 $2 {loses.} 34. Qxe8+ Rf8 35. Rxf8+ Nxf8 36. Rxc6 $18) 34. Qb2 Bc5+ 35. d4) 33... Bd2 {[%emt 0:01:14] ...Be3+ would now be deadly.} 34. Kh2 Re2+ 35. Rf2 Be3 (35... Bf4+ $142 36. Kh3 Re3+ 37. Qxe3 Bxe3 38. f7+ Bxf7 (38... Rxf7 $2 39. Ra8+ Kh7 40. Rxf7 $19)) 36. Qxd5+ cxd5 37. Rxe2 Bf4+ (37... Rxf6 38. Rxf6 gxf6 39. Rxe3 $11) 38. Kh1 (38. Kg1 $142 Rxf6 (38... Nxh4 $2 39. fxg7 Kxg7 40. Rb6 $19) 39. Rxf6 gxf6 40. Kf2) 38... Rxf6 {[%emt 0:00:15] Black is clearly winning.} 39. Rxf6 gxf6 40. Rb2 Kf7 41. Rxb5 Ke6 (41... Nxh4 42. Rxd5 Bg5 43. Kg1 $19) 42. Rb4 Bd6 43. Ra4 Nf4 44. d4 Ng6 45. Ra8 Nxh4 46. Rh8 Nf5 47. Kg2 h4 {[%emt 0:00:13][%cal Od6g3] And now ...Bg3! would win.} 48. Re8+ Kd7 49. Rh8 Bg3 50. Rf8 Ke7 {[%emt 0:00:06] Weighted Error Value: White=0.73/Black=0.17 (very precise) .  Mistake:       	White=7     	Black=1      Inaccurate:     	White=4     	---        OK:         	White=9     	Black=18     Best:        	White=1     	Black=4      Brilliant:      	---       	Black=1} 0-1

[Event "Baku Open 2024"]
[Site "Baku"]
[Date "2024.07.06"]
[Round "8.43"]
[White "Huseynova, Lala"]
[Black "Vrashank Chouhan"]
[Result "0-1"]
[ECO "C02"]
[WhiteElo "2036"]
[BlackElo "2209"]
[Annotator "RC"]
[PlyCount "58"]
[EventDate "2024.06.29"]
[EventType "swiss"]
[EventCountry "AZE"]
[SourceTitle "playchess.com"]
[Source "ChessBase"]
[SourceQuality "1"]
[TimeControl "5400+30"]

1. e4 e6 2. d4 d5 3. e5 c5 4. c3 Nc6 5. Nf3 Bd7 6. Na3 Nge7 7. Nc2 cxd4 8. cxd4 Nf5 9. Bd3 Be7 10. O-O O-O 11. g4 Nh4 12. Nxh4 Bxh4 13. g5 Bxg5 14. Qh5 h6 15. f4 Bh4 16. Kh1 f5 17. exf6 Qxf6 18. Be3 Ne7 19. Rg1 Be8 20. Qg4 Nf5 21. Bd2 Rc8 22. Qg2 Rf7 23. Ne3 Qxd4 24. Nxf5 exf5 25. Qe2 Qf6 26. h3 Bc6 27. Qh5 Qd4 28. Qe2 Re8 29. Bc3 Qxf4 0-1